 Dungeon Crawl Stone Soup version 0.31-a0-331-geda263fcf1 (webtiles) character file.

Game seed: 1482111137658743028

88 javelincjr the Trooper (level 4, -1/32 HPs)
             Began as a Demonspawn Fighter on July 19, 2023.
             Was a Follower of Hepliaklqana.
             Killed by nerve-wracking pain
             ... invoked by an orc priest
              (10 damage)
             ... on level 3 of the Dungeon.
             The game lasted 00:03:45 (1280 turns).

javelincjr the Trooper (Demonspawn Fighter)         Turns: 1280, Time: 00:03:46

Health: -1/32      AC:  6    Str: 18    XL:     4   Next: 29%
Magic:  4/4        EV:  9    Int: 10    God:    Hepliaklqana [*.....]
Gold:   96         SH:  4    Dex: 12    Spells: 3/3 levels left

rFire   . . .        a - +0 trident
rCold   . . .        c - +0 buckler
rNeg    . . .        b - +0 scale mail
rPois   .            (no helmet)
rElec   .            (no cloak)
rCorr   .            (no gloves)
SInv    .            (no boots)
Will    .....        (no amulet) Stlth
                     (no ring)
HPRegen 0.25/turn    (no ring)
MPRegen 0.09/turn

%: no passive effects
@: no status effects
A: reduced essence, spiny 1
a: Renounce Religion, Recall Ancestor, Ancestor Identity


You were on level 3 of the Dungeon.
You worshipped Hepliaklqana.
Hepliaklqana was aware of your devotion.
You visited 1 branch of the dungeon, and saw 3 of its levels.

You collected 96 gold pieces.

Inventory:

Hand Weapons
 a - a +0 trident (weapon)
Missiles
 j - 3 poisoned darts
Armour
 b - a +0 scale mail (worn)
 c - a +0 buckler (worn)
 n - a +0 plate armour
Talismans
 o - a talisman of death
Scrolls
 f - 5 scrolls of identify {unknown}
 h - a scroll of amnesia {unknown}
 i - a scroll of teleportation {unknown}
 m - a scroll of immolation {unknown}
 p - a scroll of enchant weapon {unknown}
Potions
 d - a potion of might
 e - a potion of brilliance {unknown}
 g - a potion of lignification {unknown}
 k - a potion of haste {unknown}
 l - a potion of curing {unknown}


   Skills:
 + Level 3.6 Fighting
 + Level 2.5 Polearms
 + Level 3.2 Armour
 + Level 3.3 Shields


You had 3 spell levels left.
You didn't know any spells.
Your spell library contained the following spells:

 Spells                   Type           Power      Damage    Failure   Level
 Apportation              Tloc           0%         N/A       83%         1
 Dazzling Flash           Conj/Hex       0%         N/A       99%         3
 Volatile Blastmotes      Fire/Tloc      0%         2d10      99%         3
 Alistair's Intoxication  Tmut/Pois      0%         N/A       100%        5
 Starburst                Conj/Fire      0%         6d3       100%        6
 Maxwell's Capacitive Co  Air            0%         ∞         100%        8


Dungeon Overview and Level Annotations

Branches:
Dungeon (3/15)

Altars:
Hepliaklqana

Shops:
D:1 ?


Innate Abilities, Weirdness & Mutations

Your life essence is reduced to manifest your ancestor. (-10% HP)
You are partially covered in sharp spines.


Message History

You reach to attack!
You puncture the orc priest!
The orc priest is heavily wounded.
The orc priest blocks your attack.
The orc priest is heavily wounded.
The orc priest calls down the wrath of Beogh upon you.
You barely resist. The orc priest blocks your attack.
The orc priest is heavily wounded.
The orc priest completely misses you. You block the orc priest's attack.
You barely miss the orc priest.
The orc priest is heavily wounded.
The orc priest is struck by your spines.
The orc priest hits you with a +0 flail.
The orc priest blocks your attack.
The orc priest is heavily wounded.
The orc priest casts a cantrip, but nothing happens.
You barely miss the orc priest.
The orc priest is heavily wounded.
The orc priest calls down the wrath of Beogh upon you.
Pain shoots through your body!
You closely miss the orc priest.
The orc priest is heavily wounded.
The orc priest is struck by your spines.
The orc priest hits you with a +0 flail. x2
You are too injured to fight recklessly!
You are too injured to fight recklessly!
You are too injured to fight recklessly!
You are too injured to fight recklessly!
You hit the orc priest but do no damage.
The orc priest is severely wounded.
The orc priest barely misses you. The orc priest blocks your attack.
The orc priest is severely wounded.
The orc priest hits you with a +0 flail!
* * * LOW HITPOINT WARNING * * *
You barely miss the orc priest.
The orc priest is severely wounded.
The orc priest invokes the aid of Beogh against you.
Pain shoots through your body!
You die...

#..................# #
#......#....#.###.#######
#......#....#............
#......#..#####...#######
##......#...............
#.......#.#####..#####..
#.....#..............+
#.......#.###..#######
#...........o@.......#
#.....####..#.####<...
#.....# #...). .# #.....#
#.#.... ##.#... .#.#.##
#.#..## ..#.# #.#### .>.
.# ... .#


You could see an orc priest.

Vanquished Creatures
  A howler monkey (D:3)
  An adder (D:2)
  2 worms (D:2)
  A dart slug (D:3)
  2 orcs (D:3)
  3 endoplasms
  3 giant cockroaches
  3 hobgoblins
  A quokka (D:2)
  A ball python (D:3)
  2 bats (D:1)
  4 frilled lizards
  A goblin (D:2)
  3 kobolds
  5 rats
33 creatures vanquished.

Vanquished Creatures (others)
  An ancestor (D:2)
1 creature vanquished.

Grand Total: 34 creatures vanquished

Notes
Turn   | Place    | Note
-------+----------+-------------------------------------------
     0 | D:1      | javelincjr the Demonspawn Fighter began the quest for the
                  | Orb.
     0 | D:1      | Reached XP level 1. HP: 18/18 MP: 1/1
    44 | D:1      | Found The Oracle's Delphic Readings.
   241 | D:1      | Gained mutation: You are partially covered in sharp spines.
                  | [demonic ancestry]
   241 | D:1      | Reached XP level 2. HP: 24/24 MP: 2/2
   609 | D:2      | Found a faded altar of an unknown god.
   619 | D:2      | Prayed at the altar of an unknown god.
   619 | D:2      | Became a worshipper of Hepliaklqana the Forgotten
   619 | D:2      | Reached * piety under Hepliaklqana
   769 | D:2      | Reached XP level 3. HP: 24/26 MP: 3/3
  1023 | D:2      | You fall into a shaft and drop 1 floor!
  1052 | D:3      | Reached XP level 4. HP: 23/32 MP: 4/4
  1280 | D:3      | Killed from afar by an orc priest

Illustrated notes

Levels and vault maps discovered:
D:1:      amcnicky_arrival_single_pillar, layout_basic,
          nicolae_nh_oracle_at_delphi
D:2:      layout_basic, ebering_ecumenical_altar_petrified, minmay_distorted
D:3:      layout_basic, minmay_ogre_servants

Skill      XL: |  1  2 |
---------------+-------+-----
Polearms       | 2 |  2.5
Armour         | 3 |  3.2
Shields        | 3 |  3.3
Fighting       | |  3.6

Action                     |  1- 3 |  4- 6 || total
---------------------------+-------+-------++-------
  Melee: Trident           |    76 |    22 ||    98
 Armour: Scale mail        |    22 |     1 ||    23
  Dodge: Dodged            |    15 |     3 ||    18
  Block: Buckler           |    12 |     2 ||    14

Table legend: (Time is in decaauts)
 A = Elapsed time spent in this place.
 B = Non-inter-level travel time spent in this place.
 C = Inter-level travel time spent in this place.
 D = Time resting spent in this place.
 E = Time spent auto-exploring this place.
 F = Levels seen in this place.
 G = Mean time per level.
                   A        B        C        D        E       F      G
               +--------+--------+--------+--------+--------+-----+--------+
         Total |   1302 |   1285 |     17 |      0 |   1026 |   3 |  434.0 |
       Dungeon |   1302 |   1285 |     17 |      0 |   1026 |   3 |  434.0 |
               +--------+--------+--------+--------+--------+-----+--------+

Top non-repeatable levels by time:
     D:1: 529 daAuts
     D:2: 509 daAuts
     D:3: 263 daAuts
